 Dungeon Crawl Stone Soup version 0.17-a0-1181-gabc46e6 (webtiles) character file.

9207 Murumi the Fighter (level 11, -4/90 HPs)
             Began as a Formicid Fighter on June 1, 2015.
             Was an Elder of the Shining One.
             Slain by an orc warrior
             ... wielding a +0 scimitar
              (16 damage)
             ... on level 4 of the Orcish Mines.
             The game lasted 01:04:40 (12437 turns).

Murumi the Fighter (Formicid Fighter)              Turns: 12437, Time: 01:04:40

Health: -4/90      AC: 18    Str: 26    XL:     11   Next: 70%
Magic:  17/17      EV: 10    Int:  9    God:    the Shining One [****..]
Gold:   1259       SH: 14    Dex: 10    Spells: 0 memorised, 10 levels left

rFire  + . .     SeeInvis +     v - +2 falchion
rCold  . . .     Clarity  .     t - +3 chain mail
rNeg   + + .     SustAt   +     x - +2 shield {rF+}
rPois  .         Gourm    +     (helmet unavailable)
rElec  .         Spirit   .     y - +0 cloak
rCorr  .         Warding  .     w - +0 pair of gloves
rMut   .         Stasis   +     p - +0 pair of boots
MR     +....                    s - amulet of the gourmand
Stlth  ..........               G - ring of sustain attributes
                                b - +3 ring of strength

@: glowing, somewhat resistant to hostile enchantments, extremely unstealthy
A: permanent stasis, dig shafts and tunnels, four strong arms, antennae 3
a: Dig, Shaft Self, Divine Shield, Cleansing Flame, Renounce Religion


You were on level 4 of the Orcish Mines.
You worshipped the Shining One.
The Shining One was greatly pleased with you.
You were very full.

You visited 2 branches of the dungeon, and saw 13 of its levels.
You also visited: Sewer and Ossuary.

You collected 1707 gold pieces.
You spent 448 gold pieces at shops.

Inventory:

Hand weapons
 v - a +2 falchion (weapon)
Missiles
 u - 38 bolts
 B - 11 bolts of flame
Armour
 p - a +0 pair of boots (worn)
 t - a +3 chain mail (worn)
 w - a +0 pair of gloves (worn)
 x - a +2 shield of fire resistance (worn)
 y - a +0 cloak (worn)
Jewellery
 b - a +3 ring of strength (left hand)
 j - an uncursed ring of positive energy
 s - an amulet of the gourmand (around neck)
 A - an uncursed ring of ice
 G - a ring of sustain attributes (right hand)
Magical devices
 C - a wand of heal wounds (4)
 D - a wand of magic darts (16)
 E - a wand of heal wounds (4)
 F - a wand of fire (12)
Scrolls
 c - 4 scrolls of amnesia
 l - 8 scrolls of remove curse
 n - a scroll of enchant armour
 z - a scroll of fog
Potions
 a - a potion of agility
 d - 2 potions of brilliance
 f - 2 potions of lignification
 h - 10 potions of flight
 i - 3 potions of heal wounds
 m - 4 potions of magic
 o - 5 potions of curing
 q - 4 potions of might
 r - 2 potions of cancellation
 H - a potion of cure mutation
Comestibles
 e - 2 bread rations
 g - 3 meat rations
 k - 3 beef jerkies


   Skills:
 - Level 10.0 Fighting
 + Level 6.8 Long Blades
 - Level 9.0 Armour
 - Level 5.0 Dodging
 - Level 9.0 Shields
 - Level 9.0 Invocations


You had 10 spell levels left.
You didn't know any spells.

Dungeon Overview and Level Annotations

Branches:
Dungeon (9/15)             Temple (0/1) D:7            Lair (0/8) D:9
    Orc (4/4) D:9             Elf (0/3) Orc:3

Altars:
Dithmenos
Elyvilon
Fedhas
Kikubaaqudgha
Nemelex Xobeh
Trog
Vehumet
The Shining One
Beogh

Shops:
D:5 }:   D:6 **[=[   D:7 %


Innate Abilities, Weirdness & Mutations

You are under a permanent stasis effect.
You can dig through walls and to a lower floor.
Your four strong arms can wield two-handed weapons with a shield.
You have a pair of large antennae on your head (SInv).


Message History

You slash the orc warrior!
The orc warrior is moderately wounded.
The orc warrior barely misses you.
You slash the orc warrior!
The orc warrior is heavily wounded.
The orc warrior barely misses you.
You slash the orc warrior!
The orc warrior is almost dead.
The orc warrior hits you with a scimitar!!
* * * LOW HITPOINT WARNING * * *
You are too injured to fight recklessly!
You hit the orc warrior but do no damage.
The orc warrior is almost dead.
Your chain mail prevents you from hitting the orc warrior.
The orc warrior is almost dead.
You block the orc warrior's attack.
You barely miss the orc warrior.
The orc warrior is almost dead.
The orc warrior hits you with a scimitar!
You die...

..o
###.#o........ ..
###......... .
####........... {
##.#...<..$....P
{
#......o....#...
##.........##. .
#.....)........
###.(#....#.##...
#@#.##........ ..
##o####{.........
### ..........
#..........
..........
..##......


You could see an orc warrior (frenzied).

Vanquished Creatures
  Pikel (D:4)
  2 orc knights
  An orc sorcerer (Orc:1)
  A centaur zombie (D:8)
  A komodo dragon (D:9)
  A two-headed ogre (D:8)
  Prince Ribbit (D:7)
  A hippogriff (D:8)
  A hungry ghost (D:9)
  3 wargs
  Duvessa (D:7)
  3 sky beasts
  10 orc warriors
  An ice beast (D:5)
  2 phantoms
  2 necrophages (D:6)
  7 ogres
  3 centaurs
  2 giant frogs
  3 big kobolds (Sewer)
  Dowan (D:7)
  2 scorpions
  4 wights (D:9)
  4 killer bees (D:8)
  4 crimson imps
  5 hounds
  2 giant frog zombies (D:5)
  5 jellies
  2 centaur skeletons
  11 orc priests
  4 giant frog skeletons
  25 orc wizards
  Terence (D:3)
  Natasha (thrice) (D:2)
  5 worker ants
  An iguana (D:8)
  A hound zombie (D:5)
  8 mummies (Ossuary)
  A hound skeleton (D:4)
  A worker ant zombie (D:6)
  10 adders
  3 gnolls
  5 river rats (Sewer)
  A shadow imp (D:5)
  3 adder skeletons
  2 worms
  3 giant geckos
  101 orcs
  13 bats
  5 giant cockroaches
  14 hobgoblins
  6 jackals
  3 quokkas
  6 ball pythons
  A giant cockroach zombie (D:5)
  7 giant newts
  A gnoll zombie (Ossuary)
  17 goblins
  3 hobgoblin zombies (Ossuary)
  25 kobolds
  A kobold zombie (Ossuary)
  3 orc zombies (Ossuary)
  35 rats
405 creatures vanquished.

Vanquished Creatures (others)
  An orc wizard (D:4)
  A gnoll (D:4)
  A giant gecko (D:4)
  3 orcs (D:4)
  A giant cockroach (D:4)
  A hobgoblin (D:4)
  A giant newt (D:4)
  A rat (D:4)
  A fungus (Orc:4)
  A plant (D:9)
12 creatures vanquished.

Grand Total: 417 creatures vanquished

Notes
Turn   | Place    | Note
--------------------------------------------------------------
     0 | D:1      | Murumi the Formicid Fighter began the quest for the Orb.
     0 | D:1      | Reached XP level 1. HP: 18/18 MP: 1/1
   214 | D:1      | Reached skill level 4 in Shields
   292 | D:1      | Reached XP level 2. HP: 9/24 MP: 2/2
   295 | D:1      | Reached skill level 1 in Dodging
   728 | D:1      | Reached XP level 3. HP: 29/29 MP: 3/3
  1364 | D:2      | Noticed Natasha
  1375 | D:2      | Killed Natasha
  1375 | D:2      | Reached XP level 4. HP: 14/37 MP: 4/4
  1428 | D:2      | Noticed Natasha
  1436 | D:2      | Killed Natasha
  1887 | D:2      | Noticed Natasha
  1891 | D:2      | Killed Natasha
  1916 | D:2      | Found a glowing golden altar of the Shining One.
  1924 | D:2      | Became a worshipper of the Shining One
  2838 | D:3      | Noticed Terence
  2867 | D:3      | Killed Terence
  2867 | D:3      | Reached skill level 1 in Invocations
  2867 | D:3      | Reached XP level 5. HP: 34/42 MP: 4/6
  3006 | D:4      | Noticed a slave
  3007 | D:4      | Noticed a slave
  3008 | D:4      | Noticed Pikel
  3009 | D:4      | Noticed a slave
  3031 | D:4      | Killed Pikel
  3031 | D:4      | Reached skill level 7 in Invocations
  3031 | D:4      | Reached XP level 6. HP: 13/48 MP: 7/11
  3031 | D:4      | Reached XP level 7. HP: 14/54 MP: 7/12
  3190 | D:4      | Found a shadowy altar of Dithmenos.
  3229 | D:4      | HP: 2/54 [worker ant (4)]
  3233 | D:4      | Reached skill level 8 in Invocations
  3456 | D:4      | Noticed a freed slave
  3491 | D:4      | Found a glowing drain.
  3500 | Sewer    | Entered a sewer
  3615 | Sewer    | Reached XP level 8. HP: 60/60 MP: 14/14
  4123 | D:4      | Found a white marble altar of Elyvilon.
  4562 | D:5      | Entered Level 5 of the Dungeon
  4685 | D:5      | Reached skill level 5 in Shields
  4767 | D:5      | Found a sand-covered staircase.
  4773 | Ossuary  | Entered an ossuary
  4790 | Ossuary  | Acquired the Shining One's first power
  4826 | Ossuary  | Acquired the Shining One's second power
  4995 | D:5      | Reached XP level 9. HP: 62/65 MP: 15/15
  5301 | D:5      | Reached skill level 5 in Long Blades
  5438 | D:5      | Reached skill level 5 in Dodging
  5461 | D:4      | Found a blossoming altar of Fedhas.
  5678 | D:5      | Reached skill level 5 in Fighting
  5690 | D:5      | Found Aphext's Gadget Shop.
  5870 | D:5      | Found Bounyp's Book Emporium.
  6287 | D:6      | Found Giral's Antique Armour Boutique.
  6320 | D:6      | Bought a pair of boots for 85 gold pieces
  6320 | D:6      | Bought a pair of gloves for 85 gold pieces
  6413 | D:6      | Reached skill level 5 in Armour
  6485 | D:6      | Found Fenkiece's Jewellery Boutique.
  6548 | D:6      | Found Terphijea's Assorted Antiques.
  6559 | D:6      | Bought a scroll labeled MUVONW SOUS for 23 gold pieces
  6575 | D:6      | Reached XP level 10. HP: 56/77 MP: 16/16
  6718 | D:6      | Found Xoeph's Antique Armour Emporium.
  6725 | D:6      | Bought a shiny shield for 112 gold pieces
  6819 | D:6      | Found Xaqoste's Assorted Antiques.
  6822 | D:6      | Bought a scroll of identify for 44 gold pieces
  6822 | D:6      | Bought a cloak for 99 gold pieces
  7613 | D:7      | Noticed Prince Ribbit
  7622 | D:7      | Found a staircase to the Ecumenical Temple.
  7650 | D:7      | Killed Prince Ribbit
  8219 | D:7      | Noticed Duvessa
  8220 | D:7      | Noticed Dowan
  8229 | D:7      | Killed Duvessa
  8232 | D:7      | Killed Dowan
  8358 | D:7      | Found Peer's Food Shop.
  8381 | D:7      | Reached skill level 9 in Invocations
  8831 | D:8      | Found a radiant altar of Vehumet.
  9487 | D:9      | Found a staircase to the Orcish Mines.
  9536 | D:9      | Found a staircase to the Lair.
  9669 | D:9      | Reached XP level 11. HP: 67/82 MP: 17/17
  9859 | D:9      | Found a roughly hewn altar of Beogh.
  9935 | D:9      | Acquired the Shining One's third power
  9936 | D:9      | Found a bloodstained altar of Trog.
  9967 | D:9      | Found a sparkling altar of Nemelex Xobeh.
  9970 | D:9      | Found an ancient bone altar of Kikubaaqudgha.
 10043 | Orc:1    | Entered Level 1 of the Orcish Mines
 10299 | Orc:1    | Noticed an orc sorcerer
 10334 | Orc:1    | Killed an orc sorcerer
 10688 | Orc:2    | Found a bloodstained altar of Trog.
 10929 | Orc:2    | Noticed an orc knight
 10990 | Orc:2    | Killed an orc knight
 11885 | Orc:3    | Found a staircase to the Elven Halls.
 12024 | Orc:3    | Found a roughly hewn altar of Beogh.
 12184 | Orc:4    | Entered Level 4 of the Orcish Mines
 12336 | Orc:4    | Reached skill level 10 in Fighting
 12364 | Orc:4    | Noticed an orc knight
 12427 | Orc:4    | Killed an orc knight
 12437 | Orc:4    | Slain by an orc warrior

Vault maps used:
D:1:      dpeg_arrival_fog
D:2:      lemuel_coloured_pillars_altar, minmay_ruptured, uniq_natasha
D:3:      uniq_terence
D:4:      nicolae_overflow_hidden_temple, first_bread, gup_sewer_entry_bowl,
          grunt_dithmenos_smoke, uniq_pikel
D:5:      nicolae_ossuary_entry_monument, serial_shops, shop,
          kennysheep_little_box
D:6:      serial_shops, nicolae_shop_waterfront,
          nicolae_shop_overgrown_old_shop, nicolae_shop_stone,
          nicolae_shop_behind_doors, kennysheep_mini_moat, grunt_ministairs_14
D:7:      minmay_temple_entry_mist, serial_shops, kennysheep_mini,
          uniq_prince_ribbit1, uniq_duvessa
D:8:      vehumet_altar_wand_db
D:9:      minmay_overflow_temple_star_quad, david_lair_shrubbed,
          minmay_orc_entry_temple_small, serial_glass, glass_columns_c,
          glass_columns_a
Orc:1:    guppyfry_library_mini
Orc:2:    nicolae_orc_rockfall, bloody_trog
Orc:3:    basic_altar, nicolae_orc_pool_cavern, mines2_lemuel
Orc:4:    grunt_orc_gardens, grunt_orc_garden, grunt_orc_garden,
          grunt_orc_garden, grunt_orc_garden, serial_shops, shop
Sewer:    sewer_minmay_treatment
Ossuary:  ossuary_tomb_3

Action                   |  1- 3 |  4- 6 |  7- 9 | 10-12 || total
-------------------------+-------+-------+-------+-------++-------
Melee: Long sword        |    99 |   142 |   430 |       ||   671
       Scimitar          |       |       |    68 |   330 ||   398
       Falchion          |       |       |       |   514 ||   514
Invok: Divine Shield     |       |       |       |     4 ||     4
 Abil: Dig               |       |       |     6 |     5 ||    11
  Use: Scroll            |     2 |     2 |    12 |     6 ||    22
       Potion            |       |     1 |     4 |     2 ||     7
  Eat: Chunk             |     1 |     6 |    17 |    21 ||    45
       Bread ration      |       |       |     1 |       ||     1
